 Dungeon Crawl Stone Soup version 0.26.0-10-g1f06aea511 (webtiles) character file.

Game seed: 15922174951105818904

32515 mopl the Carver (level 13, -4/90 HPs)
             Began as an Octopode Delver on Jan 21, 2021.
             Was a High Priest of the Shining One.
             Slain by an eight-headed hydra simulacrum (30 damage)
             ... in a Gauntlet.
             The game lasted 00:31:04 (11496 turns).

mopl the Carver (Octopode Delver)                  Turns: 11496, Time: 00:31:05

Health: -4/90      AC:  1    Str: 17    XL:     13   Next: 65%
Magic:  14/19      EV: 19    Int: 13    God:    the Shining One [*****.]
Gold:   1159       SH: 10    Dex: 24    Spells: 6/14 levels left

rFire    . . .     SeeInvis .   a - +0 scimitar
rCold    . . .     Faith    .   X - +0 kite shield
rNeg     + + .     Spirit   .   (helmet restricted)
rPois    .         Reflect  .   l - amulet of regeneration
rElec    .         Harm     .   h - +6 ring of strength
rCorr    +         Rampage  .   o - ring of wizardry
Will     .....     NoTele   +   A - ring of resist corrosion
Stlth    ++........             G - ring of wizardry
HPRegen  0.65/turn              P - +6 ring of dexterity
MPRegen  0.16/turn              (no ring)
                                (no ring)
                                (no ring)

@: glowing
A: almost no armour, stealthy swim, amphibious, 8 rings, constrict 8, camouflage
1, gelatinous body 1
a: Renounce Religion, Divine Shield, Cleansing Flame, Summon Divine Warrior


You were in a Gauntlet.
You worshipped the Shining One.
The Shining One was extremely pleased with you.
You visited 2 branches of the dungeon, and saw 14 of its levels.
You also visited: Bailey and Gauntlet.

You collected 1159 gold pieces.

Inventory:

Hand Weapons
 a - a +0 scimitar (weapon)
 b - a +0 hunting sling
 K - the +4 short sword of Insomnia {antimagic, rF+ rC+ Str+3}
   (You found it on level 6 of the Dungeon)

   It reduces the magical energy of the wielder, and disrupts the spells and
   magical abilities of those hit.
   Natural abilities and divine invocations are not affected.
   It affects your strength (+3).
   It protects you from fire.
   It protects you from cold.
 Y - the +3 dagger "mopl's Peril" {flame, rElec rF+ Will+ Str+3}
   (You found it on level 1 of the Lair of Beasts)

   It has been specially enchanted to burn those struck by it, causing extra
   injury to most foes and up to half again as much damage against particularly
   susceptible opponents.
   It affects your strength (+3).
   It protects you from fire.
   It insulates you from electricity.
   It affects your willpower, your defense against some magical effects.
Missiles
 q - 6 curare-tipped darts
 x - 413 stones
 D - a throwing net
 O - 35 sling bullets
 R - 15 boomerangs (quivered)
 W - 18 poisoned darts
Armour
 X - a +0 kite shield (worn)
Jewellery
 h - a +6 ring of strength (left tentacle)
 l - an amulet of regeneration (around mantle)
 o - a ring of wizardry (right tentacle)
 A - a ring of resist corrosion (on tentacle)
 G - a ring of wizardry (on tentacle)
 P - a +6 ring of dexterity (on tentacle)
 Q - an uncursed amulet of guardian spirit
 V - an uncursed ring of fire
Wands
 f - a wand of digging (9)
 t - a wand of flame (45)
 E - a wand of iceblast (15)
 J - a wand of paralysis (25)
 L - a wand of disintegration (5)
Scrolls
 c - 2 scrolls of magic mapping
 d - 2 scrolls of fear
 j - 5 scrolls of enchant armour {unknown}
 k - 2 scrolls of amnesia {unknown}
 m - 2 scrolls of random uselessness {unknown}
 p - 8 scrolls of remove curse
 u - 6 scrolls of enchant weapon {unknown}
 w - 3 scrolls of fog
 y - 4 scrolls of blinking {unknown}
 z - 7 scrolls of teleportation
 C - 2 scrolls of noise {unknown}
 F - a scroll of identify
 I - a scroll of vulnerability {unknown}
 S - a scroll of acquirement {unknown}
Potions
 e - 4 potions of haste
 g - 6 potions of might
 i - 7 potions of curing
 n - 4 potions of heal wounds
 r - 3 potions of cancellation
 s - 2 potions of ambrosia
 v - a potion of resistance
 B - a potion of berserk rage {!q}
 H - 4 potions of flight
 M - 2 potions of magic
 N - a potion of lignification {!q}
Miscellaneous
 T - a lightning rod (4/4)
 U - a condenser vane


   Skills:
 + Level 9.0 Fighting
 * Level 13.3 Long Blades
 + Level 8.7 Dodging
 - Level 6.6 Stealth
 + Level 4.3 Shields
 + Level 1.4 Spellcasting
 + Level 2.1 Transmutations
 + Level 2.3 Earth Magic
 + Level 9.1 Invocations
 + Level 9.8 Evocations


You had 6 spell levels left.
You knew the following spells:

 Your Spells              Type           Power        Failure   Level
a - Apportation           Tloc           0%           26%         1
i - Irradiate             Conj/Tmut      1%           98%         5
p - Passwall              Tmut/Erth      5%           17%         2

Your spell library contained the following spells:

 Spells                   Type           Power        Failure   Level
 Animate Skeleton         Necr           0%           26%         1
 Corona                   Hex            0%           26%         1
 Foxfire                  Conj/Fire      0%           26%         1
 Freeze                   Ice            0%           26%         1
 Magic Dart               Conj           0%           26%         1
 Shock                    Conj/Air       0%           26%         1
 Summon Small Mammal      Summ           0%           26%         1
 Call Imp                 Summ           0%           36%         2
 Call Canine Familiar     Summ           0%           58%         3
 Confusing Touch          Hex            0%           58%         3
 Frozen Ramparts          Ice            0%           58%         3
 Gell's Gravitas          Tloc           0%           58%         3
 Lesser Beckoning         Tloc           0%           58%         3
 Ozocubu's Armour         Ice            0%           58%         3
 Summon Guardian Golem    Hex/Summ       0%           58%         3
 Petrify                  Tmut/Erth      6%           67%         4
 Leda's Liquefaction      Hex/Erth       1%           82%         4
 Fulminant Prism          Conj/Hex       0%           92%         4
 Hailstorm                Conj/Ice       0%           92%         4
 Passage of Golubria      Tloc           N/A          92%         4
 Summon Ice Beast         Ice/Summ       0%           92%         4
 Summon Lightning Spire   Summ/Air       0%           92%         4
 Yara's Violent Unravell  Hex/Tmut       1%           98%         5
 Metabolic Englaciation   Hex/Ice        0%           99%         5
 Spellforged Servitor     Conj/Summ      0%           100%        7


Dungeon Overview and Level Annotations

Branches:
Dungeon (12/15)            Temple (0/1) D:4            Lair (2/6) D:10
    Orc (0/2) D:10         Bailey (visited)         Gauntlet (1/1)
  Swamp: Lair:2-4    Shoals: Lair:2-4     Snake: Lair:2-4    Spider: Lair:2-4

Altars:
Dithmenos
Elyvilon
Fedhas
Kikubaaqudgha
Nemelex Xobeh
Okawaru
Ru
Sif Muna
Trog
Uskayaw
Vehumet
Wu Jian
Zin
The Shining One

Shops:
D:6 [

Annotations:
Lair:1 3 runed translucent doors, Roekhomp's ghost, novice TeFE Gauntlet 13 transporters


Innate Abilities, Weirdness & Mutations

You cannot wear most types of armour.
You are very stealthy in the water. (Stealth+)
You are amphibious.
You can wear up to eight rings at the same time.
You can use your tentacles to constrict eight enemies at once.
Your skin changes colour to match your surroundings (Stealth+).
Your rubbery body absorbs attacks. (AC +1, EV +1)


Message History

The golden flame engulfs the centaur warrior simulacrum!!!
The centaur warrior simulacrum writhes in agony!
The centaur warrior simulacrum vapourises!
The Shining One accepts your kill.
The eight-headed hydra simulacrum closely misses you.
The eight-headed hydra simulacrum completely misses you.
You block the eight-headed hydra simulacrum's attack.
The eight-headed hydra simulacrum completely misses you.
The eight-headed hydra simulacrum misses you.
The eight-headed hydra simulacrum bites you.
The eight-headed hydra simulacrum freezes you!
You block the eight-headed hydra simulacrum's attack.
The eight-headed hydra simulacrum bites you.
The eight-headed hydra simulacrum freezes you!!
Unknown command.
You fail to use your ability.
The eight-headed hydra simulacrum bites you!
* * * LOW HITPOINT WARNING * * *
The eight-headed hydra simulacrum freezes you!!
You die...

........#.#...≈≈...?#.#..........
........#.#.≈≈..≈≈≈.#.#..........
######..#.#≈..≈..≈.≈#.#..########
8# #8#..#.#≈.≈.≈≈...#.#..#8# #8#
## ###..#©#.≈≈..≈..©#©#..### ###
#..###...Z≈≈.≈}###..#
#....#..≈≈..≈..#....#
#....#≈≈≈ZZ≈.≈≈#....#
###..#..©.○@..=#..###
#8#..###########..#8#
###...............###
#§.............≈#
################# #8# #8# #8# #8#
### ### ### ###


You could see an eight-headed hydra simulacrum and 2 centaur warrior simulacra.

Vanquished Creatures
  An orc warlord (Bailey)
  Josephine (D:11)
  An unseen horror (D:9)
  An orc knight (Bailey)
  3 ugly things
  A cyclops (D:9)
  Joseph (D:7)
  A black mamba (Lair:2)
  Maggie (D:9)
  A centaur skeleton (D:12)
  2 gargoyles
  2 cane toads
  3 komodo dragons (Lair:1)
  A troll (D:12)
  3 hornets (Gauntlet)
  Prince Ribbit (D:7)
  A centaur simulacrum (Gauntlet)
  Sigmund (D:6)
  A wyvern (D:10)
  7 wraiths
  A vampire (D:12)
  A shadow (D:9)
  10 yaks
  A basilisk (D:12)
  4 vampire mosquitoes (D:12)
  2 acid dragons
  A water moccasin (D:12)
  A soldier ant (D:10)
  A meliai simulacrum (Gauntlet)
  2 ice beasts
  3 sky beasts
  A black bear (Lair:2)
  27 orc warriors
  A necrophage (D:8)
  6 ogres
  6 phantoms
  A hornet zombie (D:9)
  7 centaurs
  6 wolves (Lair:2)
  7 bullfrogs
  3 big kobolds
  A wyvern skeleton (D:10)
  7 scorpions
  12 killer bees
  A wight (D:8)
  6 electric eels (D:10)
  4 howler monkeys
  A bullfrog zombie (D:9)
  2 centaur zombies
  2 jellies
  14 orc wizards
  9 orc priests
  8 hounds
  6 bullfrog skeletons
  4 iguanas
  11 worker ants
  A killer bee zombie (D:8)
  A hound zombie (D:7)
  A howler monkey zombie (D:9)
  3 worker ant zombies (D:8)
  16 gnolls
  A howler monkey skeleton (D:11)
  13 adders
  4 shadow imps
  3 white imps
  3 oozes
  An adder zombie (D:5)
  2 adder skeletons
  2 worms (D:3)
  2 dart slugs (D:1)
  9 leopard geckos
  103 orcs
  2 ball pythons
  9 bats
  6 giant cockroaches
  23 goblins
  20 hobgoblins
  11 jackals
  4 quokkas
  7 frilled lizards
  9 kobolds
  A leopard gecko skeleton (D:8)
  A leopard gecko zombie (D:5)
  A quokka skeleton (D:4)
  7 rats
480 creatures vanquished.

Vanquished Creatures (collateral kills)
  A hydra (Lair:1)
1 creature vanquished.

Vanquished Creatures (others)
  A fungus (Lair:2)
1 creature vanquished.

Grand Total: 482 creatures vanquished

Notes
Turn   | Place    | Note
-------+----------+-------------------------------------------
     0 | D:5      | mopl the Octopode Delver began the quest for the Orb.
     0 | D:5      | Reached XP level 1. HP: 16/16 MP: 1/1
    10 | D:5      | Noticed an orc wizard
    12 | D:5      | Noticed a hound
    21 | D:4      | Noticed a scorpion
    26 | D:4      | Killed a scorpion
    27 | D:4      | Reached skill level 4 in Long Blades
    27 | D:4      | Reached XP level 2. HP: 21/21 MP: 2/2
    27 | D:4      | Reached XP level 3. HP: 26/26 MP: 3/3
    55 | D:3      | Reached XP level 4. HP: 29/31 MP: 4/4
   493 | D:1      | Reached XP level 5. HP: 36/36 MP: 5/5
   792 | D:2      | Found an ornate altar of the Wu Jian Council.
   793 | D:2      | Found a radiant altar of Vehumet.
   794 | D:2      | Found a sacrificial altar of Ru.
   796 | D:2      | Found a shadowy altar of Dithmenos.
   880 | D:2      | Found an iron altar of Okawaru.
   906 | D:2      | Reached skill level 5 in Long Blades
   994 | D:2      | Found a faded altar of an unknown god.
   997 | D:2      | Became a worshipper of the Shining One
   997 | D:2      | Reached * piety under the Shining One
  1099 | D:2      | Found a glowing golden altar of the Shining One.
  1099 | D:2      | Found a white marble altar of Elyvilon.
  1099 | D:2      | Found a glowing silver altar of Zin.
  1497 | D:3      | Reached skill level 1 in Invocations
  1497 | D:3      | Reached XP level 6. HP: 37/42 MP: 6/6
  1565 | D:3      | Found a sparkling altar of Nemelex Xobeh.
  2168 | D:4      | Learned a level 1 spell: Apportation
  2352 | D:4      | Found a staircase to the Ecumenical Temple.
  2375 | D:4      | Reached skill level 3 in Dodging
  2825 | D:5      | Reached XP level 7. HP: 12/47 MP: 8/8
  2826 | D:5      | Reached skill level 6 in Long Blades
  2826 | D:5      | Reached skill level 2 in Invocations
  2925 | D:5      | Reached ** piety under the Shining One
  3017 | D:5      | Reached skill level 4 in Fighting
  3017 | D:5      | Reached skill level 1 in Shields
  3105 | D:5      | Found an iron altar of Okawaru.
  3107 | D:5      | Found a blossoming altar of Fedhas.
  3662 | D:6      | Reached skill level 2 in Shields
  3662 | D:6      | Reached skill level 3 in Invocations
  3662 | D:6      | Reached XP level 8. HP: 45/54 MP: 10/10
  3719 | D:6      | Got a jewelled short sword
  3720 | D:6      | Identified the +4 short sword of Insomnia {antimagic, rF+
                  | rC+ Str+3} (You found it on level 6 of the Dungeon)
  3809 | D:6      | Reached skill level 4 in Dodging
  3941 | D:6      | Reached skill level 7 in Long Blades
  3981 | D:6      | Found Woojumich's Antique Armour Boutique.
  4211 | D:6      | Noticed Sigmund
  4226 | D:6      | Killed Sigmund
  4227 | D:6      | Reached skill level 5 in Fighting
  4235 | D:6      | Reached skill level 3 in Shields
  4371 | D:6      | Reached skill level 4 in Invocations
  4388 | D:6      | Reached XP level 9. HP: 48/61 MP: 12/12
  4504 | D:7      | Reached skill level 8 in Long Blades
  4543 | D:7      | Reached skill level 5 in Dodging
  4569 | D:7      | Found a hide-covered altar of Uskayaw.
  4596 | D:7      | Noticed Prince Ribbit
  4784 | D:7      | Found a bloodstained altar of Trog.
  4792 | D:7      | Reached skill level 4 in Shields
  4807 | D:7      | Found a shimmering blue altar of Sif Muna.
  4813 | D:7      | Identified Sif Muna's Volume of the Rocks
  4834 | D:7      | Learned a level 2 spell: Passwall
  4865 | D:7      | Reached skill level 5 in Invocations
  4884 | D:7      | Killed Prince Ribbit
  4901 | D:7      | Noticed Joseph
  4920 | D:7      | Killed Joseph
  4921 | D:7      | Reached skill level 6 in Fighting
  4921 | D:7      | Reached skill level 9 in Long Blades
  5082 | D:7      | Reached *** piety under the Shining One
  5128 | D:7      | Reached XP level 10. HP: 44/68 MP: 14/14
  5324 | D:8      | Reached skill level 6 in Dodging
  5391 | D:8      | Noticed a purple ugly thing
  5423 | D:8      | Killed a purple ugly thing
  5424 | D:8      | Reached skill level 6 in Invocations
  5424 | D:8      | Reached skill level 1 in Evocations
  5673 | D:8      | Reached skill level 10 in Long Blades
  5689 | D:8      | Found a blossoming altar of Fedhas.
  5843 | D:8      | Reached **** piety under the Shining One
  5862 | D:8      | Reached skill level 2 in Evocations
  6078 | D:9      | Found an ancient bone altar of Kikubaaqudgha.
  6095 | D:9      | Noticed an unseen horror
  6097 | D:9      | Noticed Maggie
  6105 | D:9      | Killed an unseen horror
  6106 | D:9      | Reached skill level 7 in Fighting
  6127 | D:9      | Killed Maggie
  6128 | D:9      | Reached skill level 3 in Evocations
  6310 | D:9      | Reached skill level 7 in Invocations
  6343 | D:9      | Reached XP level 11. HP: 75/75 MP: 16/16
  6372 | D:9      | Reached skill level 7 in Dodging
  6402 | D:9      | Noticed a cyclops
  6423 | D:9      | Killed a cyclops
  6611 | D:9      | Identified Belamiemn's Catalogue of Bewitching
                  | Translocation
  6861 | D:10     | Entered Level 10 of the Dungeon
  6899 | D:10     | Reached skill level 11 in Long Blades
  6903 | D:10     | Reached skill level 4 in Evocations
  7004 | D:10     | Found a staircase to the Orcish Mines.
  7491 | D:10     | Found a staircase to the Lair.
  7500 | D:10     | Reached ***** piety under the Shining One
  7985 | D:11     | Noticed Josephine
  8056 | D:11     | Found a flagged portal.
  8069 | Bailey   | Entered a bailey
  8196 | Bailey   | Reached skill level 8 in Fighting
  8286 | Bailey   | Noticed an orc warlord
  8316 | Bailey   | Killed an orc warlord
  8317 | Bailey   | Reached skill level 8 in Invocations
  8317 | Bailey   | Reached skill level 5 in Evocations
  8473 | Bailey   | Reached skill level 8 in Dodging
  8477 | Bailey   | Reached skill level 12 in Long Blades
  8477 | Bailey   | Reached skill level 9 in Evocations
  8477 | Bailey   | Reached XP level 12. HP: 83/83 MP: 18/18
  8536 | Bailey   | Reached XP level 13. HP: 79/89 MP: 19/19
  8545 | Bailey   | Identified the Guide on Attacks
  8784 | D:11     | Killed Josephine
  9214 | D:11     | Learned a level 5 spell: Irradiate
  9421 | D:12     | Reached skill level 13 in Long Blades
  9528 | D:12     | Reached skill level 1 in Transmutations
  9614 | D:12     | Reached skill level 1 in Earth Magic
  9824 | D:12     | Got a warped copper ring
  9825 | D:12     | Identified the ring of Otad Isa {rN+++ Str-4 Int+5 Stlth-}
                  | (You found it on level 12 of the Dungeon)
 10141 | Lair:1   | Entered Level 1 of the Lair of Beasts
 10357 | Lair:1   | Reached skill level 9 in Invocations
 10481 | D:10     | Reached skill level 1 in Spellcasting
 10492 | Lair:1   | Reached skill level 2 in Earth Magic
 10687 | Lair:1   | Found a runed translucent gate.
 10687 | Lair:1   | Found a runed translucent gate.
 10687 | Lair:1   | Found a runed translucent gate.
 10698 | Lair:1   | Got an iridescent dagger
 10699 | Lair:1   | Identified the +3 dagger "mopl's Peril" {flame, rElec rF+
                  | Will+ Str+3} (You found it on level 1 of the Lair of
                  | Beasts)
 10710 | Lair:1   | Noticed a minotaur
 10710 | Lair:1   | Noticed Roekhomp's ghost (novice TeFE)
 10961 | Lair:2   | Reached skill level 9 in Fighting
 10961 | Lair:2   | Reached skill level 2 in Transmutations
 10991 | Lair:2   | Found a gate leading to a gauntlet.
 11005 | Gauntlet | Entered a Gauntlet
 11005 | Gauntlet | Found a transporter.
 11005 | Gauntlet | Found a transporter.
 11010 | Gauntlet | Found a transporter.
 11025 | Gauntlet | Found a transporter.
 11039 | Gauntlet | Found a transporter.
 11052 | Gauntlet | Found a transporter.
 11055 | Gauntlet | Found a transporter.
 11058 | Gauntlet | Noticed a death ooze
 11070 | Gauntlet | Found a transporter.
 11143 | Gauntlet | Found a transporter.
 11150 | Gauntlet | Noticed an entropy weaver
 11163 | Gauntlet | Found a transporter.
 11182 | Gauntlet | Found a transporter.
 11204 | Gauntlet | Found a transporter.
 11219 | Gauntlet | Found a transporter.
 11235 | Gauntlet | Found a transporter.
 11235 | Gauntlet | Noticed a dire elephant
 11274 | Gauntlet | Found a transporter.
 11288 | Gauntlet | Found a transporter.
 11496 | Gauntlet | Slain by an eight-headed hydra simulacrum

Illustrated notes

Levels and vault maps discovered:
D:1:      nzn_arrival_depleted_hourglass, layout_rooms, minivault_24,
          minmay_misc_feat_diagonals
D:2:      layout_rooms, good_gods_mini_temple, grunt_temple_overflow_open,
          chequers_ecumenical_altar_grove, okawaru_trees_1
D:3:      layout_basic, lemuel_statue_altar
D:4:      layout_basic, temple_green, hangedman_decor_peaks_small,
          due_unseen_surprise
D:5:      layout_loops_ring, minitemple, corexii_leaking_fountain
D:6:      layout_loops_cross, serial_shops, shop, uniq_sigmund
D:7:      layout_loops_ring, nzn_overflow_gifts_of_might_and_magic,
          eat_drink_and_be_merry_uskayaw, uniq_prince_ribbit1, uniq_joseph
D:8:      cheibrodos_fzero, layout_rooms, special_room [special_room_orc],
          st_stairs_6, fedhas_altar_fruit_tree
D:9:      layout_small_grid, marbit_many_paths, serial_glass, glass_columns_b,
          glass_columns_a, glass_columns_a, glass_columns_a,
          minmay_diamond_spiral, uniq_maggie
D:10:     layout_basic, serial_co_window_serial, co_window_corner_a,
          co_window_corner_a, co_window_corner_a, co_window_cross_1,
          co_window_paths_a, co_window_corner_cb, co_window_broadway_a,
          glass_columns_b, glass_columns_b, glass_columns_c
D:11:     layout_irregular_city, enter_bailey_7, grunt_decor_cap, uniq_josephine
D:12:     layout_gridville
Lair:1:   layout_cave_shapes, maelrawn_ghost_gauntlet_escape, grunt_megastairs_2
Lair:2:   layout_regular_city, minmay_snake_entry_six_corridors,
          gauntlet_entry_generic, beast_lair_carwin_10,
          infiniplex_staircase_pool_2
Gauntlet: gammafunk_gauntlet_branching [gammafunk_gauntlet_arena_split_x,
          gammafunk_gauntlet_arena_corners, gammafunk_gauntlet_arena_crates,
          gammafunk_gauntlet_arena_grid, gammafunk_gauntlet_arena_spirals,
          nicolae_gauntlet_arena_flowing_pool, nicolae_gauntlet_arena_blocks,
          gammafunk_gauntlet_arena_open, gauntlet_exit_watery]

Skill      XL: |  1  2  3  4  5  6  7  8  9 10 11 12 13 |
---------------+----------------------------------------+-----
Long Blades    | 4 5 6 7 9 10 12 13 | 13.3
Invocations    | 1 3 4 5 7 8 9 |  9.1
Dodging        | 3 4 5 6 8 |  8.7
Fighting       | 4 5 6 7 8 9 |  9.0
Shields        | 2 3 4 |  4.3
Evocations     | 3 9 |  9.8
Transmutations | 2 |  2.1
Earth Magic    | 2 |  2.3
Spellcasting   | 1 |  1.4
Stealth        | |  6.6

Action                   |  1- 3 |  4- 6 |  7- 9 | 10-12 | 13-15 || total
-------------------------+-------+-------+-------+-------+-------++-------
Melee: Falchion          |     8 |   154 |   227 |   187 |       ||   576
       Tentacles         |     6 |    46 |    69 |   214 |   108 ||   443
       Constrict         |     3 |    55 |    55 |   155 |    48 ||   316
       Short sword       |       |       |    22 |     6 |       ||    28
       Long sword        |       |       |       |    27 |       ||    27
       Scimitar          |       |       |       |   320 |   281 ||   601
Throw: Dart              |       |       |     9 |     9 |     1 ||    19
       Boomerang         |       |       |       |       |     6 ||     6
 Cast: Passwall          |       |       |       |     1 |       ||     1
Invok: Divine Shield     |       |       |     2 |     4 |     3 ||     9
       Cleansing Flame   |       |       |       |       |     2 ||     2
       Summon Divine War |       |       |       |       |     1 ||     1
Evoke: Wand              |       |     1 |     3 |     8 |     4 ||    16
       Condenser vane    |       |       |       |     1 |       ||     1
  Use: Scroll            |       |     6 |     2 |     8 |     2 ||    18
       Potion            |       |       |       |     4 |       ||     4
 Stab: Sleeping          |     1 |    11 |       |       |       ||    12
Armor: Skin              |       |    14 |     1 |   108 |       ||   123
Dodge: Dodged            |     5 |    99 |   106 |   311 |   144 ||   665
Block: Buckler           |       |       |    44 |   198 |    54 ||   296
       Kite shield       |       |       |       |       |    47 ||    47
       Rpst.: Falchion   |     3 |    31 |    33 |    25 |       ||    92
       Long sword        |       |       |       |     7 |       ||     7
       Scimitar          |       |       |       |    53 |    43 ||    96
